 Dungeon Crawl Stone Soup version 0.24-a0-475-g5b41c6f198 (webtiles) character file.

Game seed: 1937074978459137306

186 Inarius the Chucker (level 5, -2/41 HPs)
             Began as a Demonspawn Hunter on July 5, 2019.
             Slain by Pikel
             ... wielding a +1 whip of electrocution
              (16 damage)
             ... on level 3 of the Dungeon.
             The game lasted 00:05:30 (3132 turns).

Inarius the Chucker (Demonspawn Hunter)             Turns: 3132, Time: 00:05:31

Health: -2/41      AC:  8    Str: 13    XL:     5   Next: 38%
Magic:  5/5        EV:  6    Int: 13    God:
Gold:   158        SH:  2    Dex: 13    Spells: 4/4 levels left

rFire    + . .     SeeInvis .   h - +0 war axe
rCold    . . .     Gourm    .   (no shield)
rNeg     . . .     Faith    .   q - +0 chain mail
rPois    .         Spirit   .   (helmet restricted)
rElec    .         Reflect  +   (no cloak)
rCorr    .         Harm     .   (no gloves)
MR       .....                  (no boots)
Stlth    ..........             n - +2 amulet of reflection
HPRegen  0.13/turn              (no ring)
MPRegen  0.09/turn              (no ring)

@: very slightly contaminated
A: horns 2, fire resistance 1
a: no special abilities


You were on level 3 of the Dungeon.
You were not hungry.

You visited 1 branch of the dungeon, and saw 4 of its levels.

You collected 158 gold pieces.

Inventory:

Hand Weapons
 h - a +0 war axe (weapon)
 s - a +0 whip of venom
Missiles
 i - 4 javelins
 l - 4 boomerangs (quivered)
Armour
 q - a +0 chain mail (worn)
Jewellery
 n - a +2 amulet of reflection (around neck)
Scrolls
 c - a scroll of immolation
 k - a scroll of random uselessness {unknown}
 o - a scroll of enchant armour {unknown}
 p - 3 scrolls of remove curse
 r - 2 scrolls of amnesia {unknown}
 t - 3 scrolls of identify
Potions
 a - 2 potions of heal wounds {unknown}
 b - a potion of brilliance
 j - 2 potions of curing
 m - 2 potions of ambrosia {unknown}
 u - a potion of invisibility {unknown}
Comestibles
 f - 5 rations


   Skills:
 + Level 3.3 Fighting
 * Level 2.1 Axes
 - Level 3.9 Throwing
 + Level 1.9 Armour
 + Level 2.6 Dodging
 - Level 0.8 Stealth


You had 4 spell levels left.
You didn't know any spells.
Your spell library was empty.

Dungeon Overview and Level Annotations

Branches:
Dungeon (4/15)
 Temple: D:4-7

Altars:
Fedhas

Shops:
D:4 :

Annotations:
D:3 Pikel


Innate Abilities, Weirdness & Mutations

You have a pair of horns on your head.
Your flesh is heat resistant. (rF+)


Message History

Pikel is heavily wounded.
Pikel hits you with a +1 whip of electrocution.
Pikel hits you but does no damage.
Fire/throw which item? (* to show all) (? for menu, Esc to quit)
Okay, then.
Unknown command.
You closely miss Pikel. Your headbutt misses Pikel.
Pikel is heavily wounded.
Pikel closely misses you.
Unknown command.
Your chain mail prevents you from hitting Pikel.
You headbutt Pikel.
Pikel is severely wounded.
Pikel barely misses you.
Unknown command.
You slash Pikel!
Pikel is almost dead.
Pikel hits you with a +1 whip of electrocution.
Pikel hits you but does no damage.
You are electrocuted!
You die...

############ #...........
########.#####..###
#######.....^..<# #..#
#)......@...##..####..###
#.#####K###.[............
#.# #p# ##.....###..###
#(# #.# ##...## #..# #
#.# #.######..####..###
#.# #...p.>..(.........
#.# ########.##########
##.###### ##'## #
#.......# ##...## ####


You could see Pikel and a slave.

Vanquished Creatures
  Jessica (D:1)
  Robin (D:3)
  5 gnolls
  3 adders
  2 dart slugs
  A leopard gecko (D:3)
  6 orcs (D:3)
  3 giant cockroaches
  12 goblins
  8 hobgoblins
  2 jackals (D:2)
  5 kobolds
  A quokka (D:3)
  4 bats
  2 frilled lizards
  6 rats
62 creatures vanquished.

Notes
Turn   | Place    | Note
-------+----------+-------------------------------------------
     0 | D:1      | Inarius the Demonspawn Hunter began the quest for the Orb.
     0 | D:1      | Reached XP level 1. HP: 16/16 MP: 1/1
   382 | D:1      | Gained mutation: You have a pair of small horns on your
                  | head. [demonic ancestry]
   382 | D:1      | Reached XP level 2. HP: 22/22 MP: 2/2
   666 | D:2      | Gained mutation: You have a pair of horns on your head.
                  | [demonic ancestry]
   666 | D:2      | Reached XP level 3. HP: 17/28 MP: 3/3
   875 | D:2      | Noticed Jessica
  1175 | D:1      | Killed Jessica
  1175 | D:1      | Reached skill level 1 in Armour
  1340 | D:2      | Gained mutation: Your flesh is heat resistant. (rF+)
                  | [demonic ancestry]
  1340 | D:2      | Reached XP level 4. HP: 35/35 MP: 4/4
  1433 | D:2      | Reached skill level 1 in Axes
  1845 | D:3      | Reached XP level 5. HP: 24/41 MP: 5/5
  2118 | D:3      | Noticed Robin
  2135 | D:3      | Killed Robin
  3084 | D:2      | Found a blossoming altar of Fedhas.
  3102 | D:4      | Found Liripic's Book Shop.
  3102 | D:4      | Noticed Pikel
  3102 | D:4      | Noticed a slave
  3102 | D:4      | Noticed a slave
  3102 | D:4      | Noticed a slave
  3102 | D:4      | Noticed a slave
  3132 | D:3      | Slain by Pikel

Levels and vault maps discovered:
D:1:      psy_arrival_statuary, layout_rooms
D:2:      layout_rooms, nicolae_overflow_hidden_temple, first_ration,
          minivault_24, uniq_jessica
D:3:      layout_loops_corners, uniq_robin
D:4:      layout_gridville, serial_shops, shop, nicolae_shop_stone, shop,
          nicolae_shop_crystal, nicolae_shop_waterfront,
          minmay_shop_grid_forest, trog_hazing_becter, uniq_pikel, uniq_natasha,
          uniq_grinder

Skill      XL: |  1  2  3  4  5 |
---------------+----------------+-----
Dodging        | 2 |  2.6
Fighting       | 3 |  3.3
Armour         | 1 |  1.9
Axes           | 1 2 |  2.1
Throwing       | |  3.9
Stealth        | |  0.8

Action                   |  1- 3 |  4- 6 || total
-------------------------+-------+-------++-------
Melee: Short sword       |    90 |       ||    90
       Headbutt          |     9 |    18 ||    27
       War axe           |     1 |   112 ||   113
Throw: Javelin           |     7 |     3 ||    10
       Boomerang         |     5 |     7 ||    12
       Throwing net      |     2 |     3 ||     5
  Use: Scroll            |     4 |     3 ||     7
       Potion            |     1 |       ||     1
 Stab: Held in net/web   |       |     1 ||     1
  Eat: Chunk             |     1 |     6 ||     7
Armor: Ring mail         |    10 |       ||    10
       Leather armour    |     3 |       ||     3
       Chain mail        |    55 |    83 ||   138
Dodge: Dodged            |    34 |    48 ||    82
Block: Other             |       |    12 ||    12
       Reflection        |       |     2 ||     2

Table legend:
 A = Non-vault XP
 B = Vault XP
 C = Vault XP percentage of total XP
 D = Non-vault monster count
 E = Vault monster count
 F = Vault count percentage of total count
                 A         B        C        D         E       F
            +---------+---------+-------+---------+---------+-------
      Total |     196 |      71 |  26.6 |      50 |      12 |  19.4
            +---------+---------+-------+---------+---------+-------
        D:1 |      35 |      37 |  51.4 |      11 |       1 |   8.3
        D:2 |      95 |       0 |   0.0 |      19 |       0 |   0.0
        D:3 |      66 |      34 |  34.0 |      20 |      11 |  35.5
            +---------+---------+-------+---------+---------+-------
